 Dungeon Crawl Stone Soup version 0.28-a0-429-g1448048969 (webtiles) character file.

Game seed: 8584357798259613013

4421 pokeman the Thaumaturge (level 10, -17/56 HPs)
             Began as a Deep Elf Hedge Wizard on Sept 10, 2021.
             Was a Believer of Vehumet.
             Demolished by a komodo dragon (31 damage)
             ... on level 8 of the Dungeon.
             The game lasted 00:24:17 (10333 turns).

pokeman the Thaumaturge (Deep Elf Hedge Wizard)    Turns: 10333, Time: 00:24:19

Health: -17/56     AC:  5    Str:  7    XL:     10   Next: 14%
Magic:  12/28      EV: 16    Int: 23    God:    Vehumet [**....]
Gold:   405        SH:  0    Dex: 14    Spells: 19/34 levels left

rFire   + . .      SeeInvis +   y - +3 whip of the Howling Scorpion {flame, rF+ SInv}
rCold   + . .      Faith    +   (no shield)
rNeg    . . .      Spirit   .   o - +0 leather armour
rPois   .          Reflect  .   C - +0 helmet
rElec   .          Harm     .   (no cloak)
rCorr   .          Rampage  .   A - +0 pair of gloves
Will    ++...                   (no boots)
Stlth   ++........              p - amulet "Lovvos" {Faith rC+ Will+}
HPRegen 0.18/turn               n - +4 ring of evasion
MPRegen 0.21/turn               (no ring)

@: very slightly contaminated
A: no striking features
a: Renounce Religion


You were on level 8 of the Dungeon.
You worshipped Vehumet.
Vehumet was pleased with you.
You visited 1 branch of the dungeon, and saw 8 of its levels.
You also visited: Bailey.

You collected 405 gold pieces.

Inventory:

Hand Weapons
 y - the +3 whip of the Howling Scorpion (weapon) {flame, rF+ SInv}
   (You found it on level 6 of the Dungeon)

   It burns those it strikes, dealing additional fire damage.
   rF:        It protects you from fire.
   SInv:      It lets you see invisible.
 H - a +0 arbalest
 M - a +0 flail of venom
Missiles
 e - 121 arrows
 B - 146 bolts
Armour
 c - a +0 hat
 o - a +0 leather armour (worn)
 v - a +2 robe of fire resistance
 A - a +0 pair of gloves (worn)
 C - a +0 helmet (worn)
 G - a scarf of shadows
Magical Staves
 K - a staff of cold
Jewellery
 h - an amulet of reflection
 n - a +4 ring of evasion (left hand)
 p - the amulet "Lovvos" (around neck) {Faith rC+ Will+}
   (You found it on level 4 of the Dungeon)

   [amulet of faith]

   It allows you to gain divine favour quickly.
   rC:        It protects you from cold.
   Will:      It increases your willpower.
 r - a ring of willpower
 z - an amulet of regeneration
Wands
 s - a wand of mindburst (28)
 E - a wand of paralysis (10)
Scrolls
 a - 2 scrolls of magic mapping
 b - 2 scrolls of silence {unknown}
 d - 2 scrolls of vulnerability {unknown}
 f - 3 scrolls of identify {unknown}
 g - a scroll of blinking {unknown}
 i - 3 scrolls of teleportation {unknown}
 j - 2 scrolls of holy word {unknown}
 t - 2 scrolls of immolation {unknown}
 D - 2 scrolls of amnesia {unknown}
 J - 3 scrolls of enchant weapon
 L - a scroll of fog {unknown}
Potions
 k - 2 potions of curing {unknown}
 l - 2 potions of heal wounds {unknown}
 m - 4 potions of might {unknown}
 u - 2 potions of cancellation {unknown}
 w - 2 potions of brilliance {unknown}
 x - 3 potions of haste {unknown}
 F - a potion of mutation {unknown}
 N - a potion of attraction {unknown}
Miscellaneous
 q - a piece from Xom's chessboard (15/15)
 I - a condenser vane


   Skills:
 - Level 4.0 Fighting
 + Level 3.0 Armour
 - Level 3.3 Dodging
 - Level 3.0 Stealth
 * Level 12.5 Spellcasting
 + Level 7.2 Conjurations
 - Level 5.0 Summonings
 - Level 1.1 Translocations
 + Level 4.0 Fire Magic
 + Level 0.0 Ice Magic
 - Level 1.1 Air Magic
 - Level 1.0 Poison Magic
 - Level 1.1 Evocations


You had 19 spell levels left.
You knew the following spells:

 Your Spells              Type           Power      Damage    Failure   Level
a - Magic Dart            Conj           100%       1d8       1%          1
b - Mephitic Cloud        Conj/Pois/Air  28%        N/A       5%          3
c - Call Imp              Summ           37%        N/A       1%          2
d - Blink                 Tloc           N/A        N/A       6%          2
e - Conjure Flame         Conj/Fire      40%        6-21      1%          3
f - Foxfire               Conj/Fire      100%       2x1d9     1%          1
g - Swiftness             Air            19%        N/A       12%         3

Your spell library contained the following spells:

 Spells                   Type           Power      Damage    Failure   Level
 Static Discharge         Conj/Air       33%        N/A       1%          2
 Summon Small Mammal      Summ           100%       N/A       1%          1
 Searing Ray              Conj           94%        2d7       1%          2
 Call Canine Familiar     Summ           37%        N/A       2%          3
 Pain                     Necr           56%        1d6       6%          1
 Poisonous Vapours        Pois/Air       38%        N/A       6%          2
 Summon Guardian Golem    Hex/Summ       26%        N/A       7%          3
 Corpse Rot               Necr/Air       N/A        N/A       8%          2
 Passwall                 Tmut/Erth      11%        N/A       10%         2
 Slow                     Hex            14%        N/A       10%         2
 Gell's Gravitas          Tloc           9%         N/A       12%         3
 Teleport Other           Tloc           19%        N/A       12%         3
 Iskenderun's Mystic Bla  Conj/Tloc      33%        2d8       12%         4
 Fulminant Prism          Conj/Hex       15%        3d11      14%         4
 Agony                    Necr           14%        N/A       87%         5
 Excruciating Wounds      Necr           7%         N/A       87%         5
 Lee's Rapid Deconstruct  Erth           7%         3d7*      87%         5
 Dispersal                Tloc           9%         N/A       99%         6
 Invisibility             Hex            7%         N/A       100%        6


Dungeon Overview and Level Annotations

Branches:
Dungeon (8/15)             Temple (0/1) D:5          Bailey (visited)
   Lair: D:8-11

Altars:
Ru
Vehumet
Xom
Beogh

Annotations:
D:3 3 runed translucent doors, Dittersdorf's ghost, amateur GrFi


Message History

Aiming: Mephitic Cloud (dangerous; 5% risk of failure)
Press: ? - help, Shift-Dir - straight line, f - komodo dragon
Aim: a komodo dragon (chance to affect: 62%)
You miscast Mephitic Cloud.
You are very lightly contaminated with residual magic.
Nothing appears to happen.
Unknown command.
Casting: Mephitic Cloud (dangerous; 5% risk of failure)
Confirm with . or Enter, or press ? or * to list all spells.
Aiming: Mephitic Cloud (dangerous; 5% risk of failure)
Press: ? - help, Shift-Dir - straight line, f/p - komodo dragon
Aim: a komodo dragon (chance to affect: 62%)
The ball explodes into a vile cloud!
The stinking cloud engulfs the komodo dragon but does no damage.
The stinking cloud engulfs the water moccasin but does no damage.
The water moccasin is moderately wounded.
You hear a shout! x2
The komodo dragon is engulfed in noxious fumes.
Unknown command.
Unknown command.
You hit the komodo dragon but do no damage.
The komodo dragon is lightly wounded.
The komodo dragon is engulfed in blazing flames.
The komodo dragon bites you!
Unknown command.
Unknown command.
You hit the komodo dragon. You burn the komodo dragon.
The komodo dragon is moderately wounded.
The komodo dragon is engulfed in blazing flames.
The komodo dragon bites you!!
* * * LOW HITPOINT WARNING * * *
Unknown command.
Unknown command.
Casting: Mephitic Cloud (dangerous; 5% risk of failure)
Confirm with . or Enter, or press ? or * to list all spells.
A beastly little devil appears in a puff of flame.
The komodo dragon is engulfed in blazing flames.
The komodo dragon bites you!!
Ouch! That really hurt!
You die...

********* #...#### #.# ###
*,,,..,,* #...<..# #.# ##..
*,,,....###.D.##.# #.####..#
**,,,?.....[S§#*#.#####......##
*,,,,....###)§###.##......####
*,,,*#**** #S..##....##.#.# *
***,,* #.#....#..##.#.##### *
**,* ####D####..<.##.#.....# ***
*,***#..°Sl@.5........####.# ,,**
*,.....###########....).....
*,,****###.,,,,,,* ##...####.#
,,,,**** #*,****,** ##...#*#.#
,,,,,,,****,* *,,* #.#..,..#
,,,,,,,,,,,,* **,* #.####..#
,,,,,,,,,,,** *,* *,***##.#
,,,,,,,,,,,,*****,*******,**,,...
,,,,,,***<,,,,,**,,,,,,,,,,,,,...


You could see a komodo dragon (ally target), a steam dragon, a water moccasin
and a friendly crimson imp (summoned).

Vanquished Creatures
  An orc knight (Bailey)
  Sigmund (D:2)
  16 orc warriors
  An ice beast (D:6)
  2 sky beasts
  2 necrophages
  A black bear (D:7)
  3 ogres
  2 phantoms
  Blork the orc (D:5)
  A wyvern zombie (D:7)
  A gnoll sergeant (D:8)
  A scorpion (D:6)
  A wyvern skeleton (D:7)
  2 water moccasin zombies
  2 water moccasin skeletons (D:4)
  3 howler monkeys (D:7)
  A centaur zombie (D:6)
  A jelly (D:7)
  A bullfrog skeleton (D:6)
  An orc priest (D:4)
  3 hounds
  2 centaur skeletons (D:7)
  An iguana (D:6)
  Ijyb (D:5)
  Terence (D:2)
  5 orc wizards
  A killer bee zombie (D:8)
  A howler monkey skeleton (D:4)
  5 gnolls (D:8)
  5 adders
  A white imp (D:5)
  An ufetubus (D:5)
  5 dart slugs
  33 orcs
  7 ball pythons
  9 endoplasms
  5 giant cockroaches
  4 goblins
  9 hobgoblins
  7 jackals
  5 quokkas
  9 bats
  2 frilled lizards
  4 kobolds
  7 rats
  A butterfly (D:4)
179 creatures vanquished.

Notes
Turn   | Place    | Note
-------+----------+-------------------------------------------
     0 | D:1      | pokeman the Deep Elf Hedge Wizard began the quest for the
                  | Orb.
     0 | D:1      | Reached XP level 1. HP: 10/10 MP: 7/7
   161 | D:1      | Reached XP level 2. HP: 16/16 MP: 6/9
   448 | D:1      | Found a faded altar of an unknown god.
   558 | D:1      | Reached skill level 5 in Spellcasting
   659 | D:1      | Reached XP level 3. HP: 16/20 MP: 5/11
   663 | D:1      | Learned a level 3 spell: Mephitic Cloud
   666 | D:1      | Learned a level 2 spell: Call Imp
   669 | D:1      | Learned a level 2 spell: Blink
   673 | D:1      | Learned a level 3 spell: Conjure Flame
  1452 | D:2      | Noticed Terence
  1568 | D:2      | Reached skill level 1 in Fighting
  1752 | D:2      | Noticed Sigmund
  1768 | D:2      | Killed Sigmund
  1769 | D:2      | Reached skill level 1 in Armour
  1769 | D:2      | Reached skill level 6 in Spellcasting
  1769 | D:2      | Reached XP level 4. HP: 17/25 MP: 3/14
  1769 | D:2      | Reached XP level 5. HP: 20/29 MP: 3/15
  2545 | D:2      | Killed Terence
  2813 | D:3      | Noticed an ogre
  2822 | D:3      | Killed an ogre
  2823 | D:3      | Reached skill level 7 in Spellcasting
  2823 | D:3      | Reached skill level 1 in Fire Magic
  2823 | D:3      | Reached skill level 1 in Air Magic
  2823 | D:3      | Reached XP level 6. HP: 34/34 MP: 6/18
  2994 | D:3      | Found a sacrificial altar of Ru.
  3483 | D:3      | Found a runed translucent gate.
  3483 | D:3      | Identified the +2 short sword of the Ecumenical Temple
                  | {speed, Int+2}
  3483 | D:3      | Identified the +3 leather armour of Puckish Happiness
                  | {rPois}
  3484 | D:3      | Found a runed translucent gate.
  3484 | D:3      | Noticed Dittersdorf's ghost (amateur GrFi)
  3485 | D:3      | Found a runed translucent gate.
  3736 | D:4      | Learned a level 3 spell: Swiftness
  3847 | D:4      | Reached skill level 1 in Poison Magic
  4189 | D:4      | Reached XP level 7. HP: 38/38 MP: 8/20
  4393 | D:4      | Reached skill level 8 in Spellcasting
  4998 | D:4      | Found a shimmering altar of Xom.
  5000 | D:4      | Identified the amulet "Lovvos" {Faith rC+ Will+}
  5457 | D:5      | Entered Level 5 of the Dungeon
  5467 | D:5      | Noticed Blork the orc
  5812 | D:5      | Reached skill level 1 in Evocations
  5864 | D:5      | Noticed Ijyb
  5888 | D:5      | Killed Ijyb
  6119 | D:5      | Reached XP level 8. HP: 44/44 MP: 12/22
  6219 | D:5      | Killed Blork the orc
  6220 | D:5      | Reached skill level 9 in Spellcasting
  6562 | D:5      | Found a radiant altar of Vehumet.
  6583 | D:5      | Became a worshipper of Vehumet
  6704 | D:5      | Found a staircase to the Ecumenical Temple.
  7072 | D:6      | Reached skill level 5 in Conjurations
  7377 | D:6      | Reached skill level 10 in Spellcasting
  7503 | D:6      | Identified the +3 whip of the Howling Scorpion {flame, rF+
                  | SInv}
  8080 | D:7      | Reached * piety under Vehumet
  8080 | D:7      | Offered knowledge of Foxfire by Vehumet.
  8087 | D:7      | Reached XP level 9. HP: 34/48 MP: 10/25
  8093 | D:7      | Learned a level 1 spell: Foxfire
  8899 | D:8      | Found a flagged portal.
  8918 | D:8      | Reached skill level 11 in Spellcasting
  9004 | Bailey   | Entered a bailey
  9432 | Bailey   | Reached ** piety under Vehumet
  9441 | Bailey   | Offered knowledge of Static Discharge by Vehumet.
  9684 | Bailey   | Reached skill level 12 in Spellcasting
  9914 | Bailey   | Noticed an orc knight
  9979 | Bailey   | Killed an orc knight
  9980 | Bailey   | Reached XP level 10. HP: 36/56 MP: 6/28
 10323 | D:8      | Reached skill level 5 in Summonings
 10333 | D:8      | Demolished by a komodo dragon

Illustrated notes

Levels and vault maps discovered:
D:1:      minmay_arrival_plants_in_alcoves, layout_loops_ring,
          ebering_ecumenical_altar_abandoned
D:2:      layout_loops_ring, uniq_sigmund, uniq_terence
D:3:      cheibrodos_helix_gallery, layout_loops_ring, nicolae_ru_awakened_eye,
          biasface_ghost_orc_armoury
D:4:      layout_basic, xom_butterflies, kennysheep_small_spiral,
          minmay_goblin_kobold_house
D:5:      layout_basic, fiery_altar_vehumet, minmay_temple_entry_from_below_a,
          uniq_blork_the_orc, uniq_ijyb
D:6:      layout_loops_ring
D:7:      layout_rooms
D:8:      layout_rooms, enter_bailey_1

Skill      XL: |  1  2  3  4  5  6  7  8  9 10 |
---------------+-------------------------------+-----
Spellcasting   | 5 6 7 8 10 12 | 12.5
Fighting       | 1 2 3 4 |  4.0
Armour         | 1 3 |  3.0
Dodging        | 3 |  3.3
Conjurations   | 2 3 4 5 7 |  7.2
Fire Magic     | 1 3 4 |  4.0
Air Magic      | 1 |  1.1
Poison Magic   | 1 |  1.0
Stealth        | 3 |  3.0
Evocations     | 1 |  1.1
Summonings     | 2 4 5 |  5.0
Translocations | |  1.1

Action                   |  1- 3 |  4- 6 |  7- 9 | 10-12 || total
-------------------------+-------+-------+-------+-------++-------
Melee: Dagger            |    17 |       |       |       ||    17
       Falchion          |     2 |     9 |    31 |       ||    42
       Whip              |       |       |    17 |     9 ||    26
 Cast: Magic Dart        |    85 |   123 |   286 |     4 ||   498
       Conjure Flame     |     3 |     1 |    27 |     6 ||    37
       Mephitic Cloud    |     2 |     4 |    27 |     6 ||    39
       Call Imp          |       |       |     4 |     1 ||     5
       Blink             |       |       |     1 |       ||     1
Evoke: Piece from Xom's  |       |       |     4 |       ||     4
  Use: Scroll            |       |       |     1 |       ||     1
 Stab: Confused          |       |     1 |     3 |       ||     4
Armor: Robe              |     7 |     2 |       |       ||     9
       Leather armour    |       |       |    18 |     1 ||    19
Dodge: Dodged            |    22 |    23 |   109 |     8 ||   162

Table legend: (Time is in decaauts)
 A = Elapsed time spent in this place.
 B = Non-inter-level travel time spent in this place.
 C = Inter-level travel time spent in this place.
 D = Time resting spent in this place.
 E = Time spent auto-exploring this place.
 F = Levels seen in this place.
 G = Mean time per level.
                   A        B        C        D        E       F      G
               +--------+--------+--------+--------+--------+-----+--------+
         Total |  10348 |  10120 |    228 |   1148 |   7266 |   9 | 1149.8 |
       Dungeon |   9117 |   8889 |    228 |    690 |   6880 |   8 | 1139.6 |
        Bailey |   1231 |   1231 |      0 |    458 |    386 |   1 | 1231.0 |
               +--------+--------+--------+--------+--------+-----+--------+

Top non-repeatable levels by time:
     D:4: 1952 daAuts
     D:1: 1473 daAuts
     D:5: 1376 daAuts
  Bailey: 1231 daAuts
     D:2: 1219 daAuts
     D:6: 1057 daAuts
     D:3: 948 daAuts
     D:7: 858 daAuts
     D:8: 231 daAuts
